 Dungeon Crawl Stone Soup version 0.25-a0-413-g3b4b6a4ccc (webtiles) character file.

Game seed: 5517100489641081402, levelgen mode: deterministic

52 DerDa the Skirmisher (level 3, 0/34 HPs)
             Began as a Minotaur Berserker on Jan 14, 2020.
             Was a Believer of Trog.
             Slain by a kobold
             ... wielding a +2 dagger of venom
              (1 damage)
             ... on level 2 of the Dungeon.
             The game lasted 00:02:14 (1155 turns).

DerDa the Skirmisher (Minotaur Berserker)           Turns: 1155, Time: 00:02:19

Health: 0/34       AC:  2    Str: 21 (22) XL:     3   Next: 60%
Magic:  2/2        EV: 12    Int:  3 (4)  God:    Trog [**....]
Gold:   69         SH:  0    Dex:  7 (9)  Spells: 2/2 levels left

rFire    . . .     SeeInvis .   a - +0 falchion
rCold    . . .     Gourm    .   (no shield)
rNeg     . . .     Faith    .   b - +0 animal skin
rPois    .         Spirit   .   (helmet restricted)
rElec    .         Reflect  .   (no cloak)
rCorr    .         Harm     .   (no gloves)
MR       ++...                  (no boots)
Stlth    +.........             (no amulet)
HPRegen  1.11/turn              (no ring)
MPRegen  0.08/turn              (no ring)

@: lethally poisoned (0 -> -1), flying, regenerating
A: retaliatory headbutt, horns 2
a: Berserk, Trog's Hand, Renounce Religion


You were on level 2 of the Dungeon.
You worshipped Trog.
Trog was pleased with you.
You were not hungry.

You visited 1 branch of the dungeon, and saw 2 of its levels.

You collected 69 gold pieces.

Inventory:

Hand Weapons
 a - a +0 falchion (weapon)
Missiles
 e - 91 stones (quivered)
Armour
 b - a +0 animal skin (worn)
Scrolls
 d - a scroll of magic mapping {unknown}
 h - a scroll of teleportation {unknown}
 i - a scroll of immolation {unknown}
 k - 3 scrolls of identify {unknown}
Potions
 f - a potion of flight
Comestibles
 c - 4 rations
 j - 7 chunks of flesh


   Skills:
 * Level 4.4 Fighting
 + Level 3.9 Long Blades
 + Level 2.9 Armour
 * Level 3.1 Dodging


You had 2 spell levels left.
You didn't know any spells.
Your spell library was empty.

Dungeon Overview and Level Annotations

Branches:
Dungeon (2/15)

Altars:


Innate Abilities, Weirdness & Mutations

You reflexively headbutt those who attack you in melee.
You have a pair of horns on your head.


Message History

The giant cockroach is severely wounded.
The kobold barely misses you.
* * * LOW HITPOINT WARNING * * *
You feel sick.
The giant cockroach completely misses you.
You furiously retaliate!
You headbutt the giant cockroach.
You kill the giant cockroach!
Trog accepts your kill.
It was a potion of flight.
You feel very buoyant.
You fly up into the air.
* * * LOW HITPOINT WARNING * * *
You feel sick.
It was a potion of degeneration.
There was something very wrong with that liquid.
You feel weakened.
You feel dopey.
You feel clumsy.
* * * LOW HITPOINT WARNING * * *
You feel sick.
The kobold hits you with a +2 dagger of venom.
You die...

#...# #.#.#
#.#.# #.#.##
###
#.#.##.##.##
#.#.##.#...##
#.#.##......#
#.####...######
#......@K.....#
##............#
#.####.#####.#
#.# #.# .. #.#
#.# ..# #.# ..#
#.# #..# #..


You could see a kobold.

Vanquished Creatures
  2 oozes (D:1)
  3 dart slugs (D:1)
  A ball python (D:1)
  2 giant cockroaches (D:2)
  6 goblins (D:1)
  2 hobgoblins
  10 kobolds
  3 bats
  5 frilled lizards (D:1)
  4 rats
38 creatures vanquished.

Notes
Turn   | Place    | Note
-------+----------+-------------------------------------------
     0 | D:1      | DerDa the Minotaur Berserker began the quest for the Orb.
     0 | D:1      | Reached XP level 1. HP: 19/19 MP: 0/0
   348 | D:1      | Reached XP level 2. HP: 24/27 MP: 1/1
   447 | D:1      | Reached skill level 4 in Fighting
   606 | D:1      | Reached XP level 3. HP: 19/33 MP: 2/2
   662 | D:1      | Reached ** piety under Trog
  1155 | D:2      | HP: 1/34 [poisoned by a kobold]
  1155 | D:2      | Slain by a kobold

Levels and vault maps discovered:
D:1:      dpeg_arrival_court, layout_loops_ring
D:2:      layout_loops_ring, nicolae_overflow_hidden_temple, first_ration

Skill      XL: |  1  2  3 |
---------------+----------+-----
Fighting       | 4 |  4.4
Dodging        | 3 |  3.1
Long Blades    | |  3.9
Armour         | |  2.9

Action                   || total
-------------------------++-------
Melee: Falchion          ||    89
       Headbutt          ||     8
Invok: Trog's Hand       ||     1
  Use: Potion            ||     2
 Stab: Sleeping          ||     1
  Eat: Chunk             ||     1
Armor: Animal skin       ||    17
Dodge: Dodged            ||    68
       Rpst.: Falchion   ||    14

Table legend:
 A = Non-vault XP
 B = Vault XP
 C = Vault XP percentage of total XP
 D = Non-vault monster count
 E = Vault monster count
 F = Vault count percentage of total count
                 A         B        C        D         E       F
            +---------+---------+-------+---------+---------+-------
      Total |      75 |       0 |   0.0 |      38 |       0 |   0.0
            +---------+---------+-------+---------+---------+-------
        D:1 |      64 |       0 |   0.0 |      31 |       0 |   0.0
        D:2 |      11 |       0 |   0.0 |       7 |       0 |   0.0
            +---------+---------+-------+---------+---------+-------
